 Dungeon Crawl Stone Soup version 0.28.0-47-ge53b351184 (webtiles) character file.

Game seed: 2874007424153061909

142 Zeld the Conjurer (level 5, 0/41 HPs)
             Began as a Draconian Conjurer on Apr 29, 2022.
             Slain by an orc wizard
             ... wielding a +0 quarterstaff
              (5 damage)
             ... on level 3 of the Dungeon.
             The game lasted 00:02:17 (3701 turns).

Zeld the Conjurer (Draconian Conjurer)              Turns: 3701, Time: 00:02:18

Health: 0/41       AC:  6    Str: 10    XL:     5   Next: 3%
Magic:  1/9        EV: 12    Int: 20    God:
Gold:   141        SH:  0    Dex:  9    Spells: 6/9 levels left

rFire   . . .      SeeInvis .   (no weapon)
rCold   . . .      Faith    .   (no shield)
rNeg    . . .      Spirit   .   (armour unavailable)
rPois   .          Reflect  .   (helmet restricted)
rElec   .          Harm     .   (no cloak)
rCorr   .          Rampage  .   (no gloves)
Will    .....                   f - +0 pair of boots
Stlth   ++........              (no amulet)
HPRegen 0.13/turn               (no ring)
MPRegen 0.11/turn               (no ring)

@: no status effects
A: AC +5, unfitting armour, cold-blooded
a: no special abilities


You were on level 3 of the Dungeon.
You visited 1 branch of the dungeon, and saw 3 of its levels.

You collected 141 gold pieces.

Inventory:

Armour
 f - a +0 pair of boots (worn)
Scrolls
 a - a scroll of acquirement {unknown}
 b - a scroll of vulnerability {unknown}
 c - a scroll of identify {unknown}
Potions
 d - a potion of experience {unknown}
 e - a potion of haste {unknown}
 g - 2 potions of attraction {unknown}


   Skills:
 * Level 2.3 Fighting
 + Level 2.3 Dodging
 + Level 2.5 Stealth
 * Level 2.9 Spellcasting
 * Level 4.6 Conjurations


You had 6 spell levels left.
You knew the following spells:

 Your Spells              Type           Power      Damage    Failure   Level
a - Magic Dart            Conj           84%        1d7       2%          1
b - Searing Ray           Conj           42%        2d6       3%          2

Your spell library contained the following spells:

 Spells                   Type           Power      Damage    Failure   Level
 Dazzling Flash           Conj/Hex       24%        N/A       17%         3
 Fulminant Prism          Conj/Hex       6%         3d7       50%         4
 Iskenderun's Mystic Bla  Conj/Tloc      12%        2d5       50%         4


Dungeon Overview and Level Annotations

Branches:
Dungeon (3/15)

Altars:
Hepliaklqana

Annotations:
D:3 2 transporters, GilGalad's ghost, amateur DECj


Innate Abilities, Weirdness & Mutations

Your plain brown scales are hard. (AC +5)
You cannot fit into any form of body armour.
You are cold-blooded and may be slowed by cold attacks.


Message History

You barely miss something. Something hits you.
You closely miss something. Something barely misses you.
You closely miss something.
You hear some strange, mumbled words.
A magic dart appears from out of thin air!
The magic dart hits you.
You barely miss something. Something hits you.
You barely miss something. Something hits you but does no damage.
You miss something. Something hits you.
You barely miss something.
You hear some strange, mumbled words.
A magic dart appears from out of thin air!
The magic dart hits you!
You closely miss something. Something hits you.
* * * LOW HITPOINT WARNING * * *
Casting: Magic Dart (safe; 2% risk of failure)
Confirm with . or Enter, or press ? or * to list all spells.
You can't see any susceptible monsters within range! (Use Z to cast anyway.)
Casting: Magic Dart (safe; 2% risk of failure)
Confirm with . or Enter, or press ? or * to list all spells.
Aiming: Searing Ray (safe; 3% risk of failure)
Press: ? - help, Shift-Dir - straight line (Press . to maintain the ray.)
Something hits you.
* * * LOW HITPOINT WARNING * * *
Something hits you but does no damage. Something hits you but does no damage.
The searing ray hits something.
You finish channelling your searing ray.
Something hits you but does no damage.
Casting: Searing Ray (safe; 3% risk of failure)
Confirm with . or Enter, or press ? or * to list all spells.
Aiming: Searing Ray (safe; 3% risk of failure)
Press: ? - help, Shift-Dir - straight line The searing ray hits something. (Press . to maintain the ray.)
Something hits you.
* * * LOW HITPOINT WARNING * * *
The searing ray hits something.
Something hits you.
You die...

#.# #.##§§§# #.##..... #+##
#####§§§######.##..... ...##
#...§§§§§...#..####### ....##
#.8§.§#§.._.#..###©..O .....##
###...........#....#..##
.>....####.#####...#####....#.#
.
......'........#...#....#...#.
..
......####.....#{_.###......#
## .....## ##...##@..# #......#
....## ##.#.###### ###.####
...## ##.###.#.# #.# #'## #.##
##..# #.# #.# ##.###.#.# #.#
#.# ##.#.##.# #.# #.## #..###.#
#.# ...########......# #.#
###### .............##### #.#
#.....


There were no monsters in sight!

Vanquished Creatures
  An ogre (D:3)
  An adder (D:2)
  A worm (D:3)
  2 dart slugs
  9 ball pythons
  3 endoplasms
  A giant cockroach (D:1)
  2 goblins
  4 hobgoblins
  4 jackals (D:3)
  4 quokkas
  2 bats
  4 kobolds
  6 rats
  A spectral hobgoblin (D:2)
45 creatures vanquished.

Notes
Turn   | Place    | Note
-------+----------+-------------------------------------------
     0 | D:1      | Zeld the Draconian Conjurer began the quest for the Orb.
     0 | D:1      | Reached XP level 1. HP: 14/14 MP: 3/3
   225 | D:1      | Reached XP level 2. HP: 12/22 MP: 0/5
   723 | D:1      | Reached skill level 1 in Fighting
  1244 | D:2      | Learned a level 2 spell: Searing Ray
  1325 | D:2      | Found a faded altar of an unknown god.
  1564 | D:2      | Reached XP level 3. HP: 28/28 MP: 2/6
  2531 | D:3      | Found a transporter.
  2535 | D:3      | Found a transporter.
  2535 | D:3      | Noticed an ogre
  2535 | D:3      | Noticed GilGalad's ghost (amateur DECj)
  2540 | D:3      | Noticed an ogre
  2540 | D:3      | Noticed an ogre
  3497 | D:3      | Noticed an ogre
  3504 | D:3      | Killed an ogre
  3505 | D:3      | Reached XP level 4. HP: 36/36 MP: 0/8
  3505 | D:3      | Reached XP level 5. HP: 41/41 MP: 0/9
  3672 | D:3      | Found a faded altar of an unknown god.
  3673 | D:3      | Found a hazy altar of Hepliaklqana.
  3701 | D:3      | Slain by an orc wizard

Illustrated notes

Levels and vault maps discovered:
D:1:      saegor_arrival_miasma, layout_basic, minmay_misc_feat_doors
D:2:      layout_basic, dreamdust_ecumenical_altar_drowned_temple
D:3:      layout_loops_corners, beargit_hepliaklqana_dungeon_heroes,
          gammafunk_ghost_smash

Skill      XL: |  1  2  3 |
---------------+----------+-----
Fighting       | 1 2 |  2.3
Stealth        | 2 |  2.5
Dodging        | 2 |  2.3
Spellcasting   | |  2.9
Conjurations   | |  4.6

Action                   |  1- 3 |  4- 6 || total
-------------------------+-------+-------++-------
Melee: Unarmed           |    50 |    14 ||    64
       Tailslap          |     4 |     1 ||     5
       Punch             |     1 |       ||     1
 Cast: Magic Dart        |    78 |       ||    78
       Searing Ray       |     3 |     2 ||     5
Armor: Skin              |    24 |     6 ||    30
Dodge: Dodged            |    53 |     5 ||    58
